 Dungeon Crawl Stone Soup version 0.31-a0-237-g2d982f9f85 (webtiles) character file.

Game seed: 1866657620731833553

152 qw the Shooter (level 5, 0/30 HPs)
             Began as a Gargoyle Hexslinger on July 11, 2023.
             Slain by Grinder (6 damage)
             ... on level 3 of the Dungeon.
             The game lasted 00:01:04 (1863 turns).

qw the Shooter (Gargoyle Hexslinger)                Turns: 1863, Time: 00:01:05

Health: 0/30       AC:  9    Str: 12    XL:     5   Next: 34%
Magic:  6/6        EV: 11    Int: 13    God:
Gold:   135        SH:  0    Dex: 14    Spells: 5/6 levels left

rFire   . . .        Y - +1 sling
rCold   . . .        (no shield)
rNeg    + . .        j - +0 leather armour
rPois   inf          e - +0 helmet
rElec   +            c - +0 cloak
rCorr   .            (no gloves)
SInv    .            (no boots)
Will    .....        (no amulet)
Stlth   +            (no ring)
HPRegen 0.25/turn    (no ring)
MPRegen 0.10/turn

%: no passive effects
@: no status effects
A: sickness immunity, AC +4, negative energy resistance 1, electricity
resistance, torment resistance 1, petrification resistance
a: no special abilities


You were on level 3 of the Dungeon.
You visited 1 branch of the dungeon, and saw 3 of its levels.

You collected 135 gold pieces.


Innate Abilities, Weirdness & Mutations

You are immune to sickness and miasma.
Your stone body is resilient. (AC +4)
You are immune to poison.
You resist negative energy. (rN+)
You are resistant to electric shocks. (rElec)
You are resistant to unholy torment.
You are immune to petrification.


   Skills:
 + Level 2.3 Fighting
 - Level 5.0 Ranged Weapons
 - Level 1.5 Dodging
 - Level 1.0 Spellcasting
 - Level 2.6 Hexes


You had 5 spell levels left.
You knew the following spells:

 Your Spells              Type           Power      Damage    Failure   Level
a - Slow                  Hex            28%        N/A       12%         1

Your spell library contained the following spells:

 Spells                   Type           Power      Damage    Failure   Level
 Inner Flame              Hex/Fire       4%         N/A       52%         3
 Portal Projectile        Hex/Tloc       8%         N/A       52%         3
 Cause Fear               Hex            3%         N/A       75%         4

Inventory:

Hand Weapons
 Y - a +1 sling (weapon)
Armour
 b - a +0 ring mail
 c - a +0 cloak (worn)
 e - a +0 helmet (worn)
 j - a +0 leather armour (worn)
Scrolls
 a - a scroll of identify
Potions
 d - a potion of ambrosia {unknown}
 f - a potion of magic {unknown}
 g - a potion of might
 i - a potion of mutation
 k - a potion of enlightenment {unknown}

Dungeon Overview and Level Annotations

Branches:
Dungeon (3/15)

Altars:

Annotations:
D:3 Grinder


Message History

Grinder is lightly wounded.
Grinder closely misses you. Grinder hits you.
You writhe in agony.
You shoot a sling bullet. The sling bullet hits Grinder.
Grinder is lightly wounded.
Grinder barely misses you.
You shoot a sling bullet. The sling bullet hits Grinder.
Grinder is moderately wounded.
Grinder hits you.
You shoot a sling bullet. The sling bullet hits Grinder.
Grinder is moderately wounded.
Grinder hits you.
You writhe in agony.
You shoot a sling bullet.
The sling bullet hits Grinder but does no damage.
Grinder is moderately wounded.
1856 ||| RIP SEWER The walls and floor vibrate strangely for a moment.
Grinder closely misses you.
1857 ||| PLANNING D:1-11 You shoot a sling bullet.
The sling bullet hits Grinder but does no damage.
Grinder is moderately wounded.
Grinder misses you. Grinder barely misses you.
You shoot a sling bullet. The sling bullet barely misses Grinder.
Grinder hits you but does no damage.
You shoot a sling bullet. The sling bullet hits Grinder.
Grinder is moderately wounded.
Grinder hits you.
You writhe in agony.
You shoot a sling bullet. The sling bullet hits Grinder.
Grinder is heavily wounded.
Grinder hits you but does no damage.
You shoot a sling bullet.
The sling bullet closely misses Grinder.
Grinder misses you. Grinder hits you.
You writhe in agony.
You shoot a sling bullet. The sling bullet hits Grinder.
Grinder is severely wounded.
Grinder hits you but does no damage.
You shoot a sling bullet. The sling bullet hits Grinder.
Grinder is severely wounded.
Grinder hits you.
You die...

~#
#..##.###'######........
~# #................. .#
#..........####### .#
#..........# ~# #.....#
###'######## .# ......#
#.# ## #...5.# #.# #
##..... #.# ..... #@#
..> #5# #%# #.#
#.########.#
#....5.....#
############


You could see Grinder.

Vanquished Creatures
  An orc wizard (D:3)
  6 adders
  4 worms (D:2)
  2 dart slugs (D:1)
  2 orcs (D:3)
  6 ball pythons
  6 bats
  8 endoplasms
  A giant cockroach (D:1)
  4 goblins
  3 hobgoblins
  7 kobolds
  A quokka (D:3)
  3 frilled lizards
  4 rats
58 creatures vanquished.

Notes
Turn   | Place    | Note
-------+----------+-------------------------------------------
     0 | D:1      | qw the Gargoyle Hexslinger began the quest for the Orb.
     0 | D:1      | Reached XP level 1. HP: 12/12 MP: 2/2
     0 | D:1      | 0 ||| qw: Version: 0.3-a-52-g30416fa
     0 | D:1      | 0 ||| qw: Game counter: 5518
     0 | D:1      | 0 ||| qw: Melee chars always use a shield: true
     0 | D:1      | 0 ||| qw: God list: Okawaru
     0 | D:1      | 0 ||| qw: Allow faded altars: false
     0 | D:1      | 0 ||| qw: Do Orc after clearing Dungeon:15 true
     0 | D:1      | 0 ||| qw: Do second Lair branch before Depths: true
     0 | D:1      | 0 ||| qw: Lair rune preference: random
     0 | D:1      | 0 ||| qw: Goals: Normal
     0 | D:1      | 0 ||| PLANNING D:1-11
    71 | D:1      | Reached XP level 2. HP: 16/16 MP: 3/3
   124 | D:1      | 124 ||| FLEEEEING.
   234 | D:1      | Reached skill level 3 in Ranged Weapons
   243 | D:1      | Found a faded altar of an unknown god.
   369 | D:1      | Reached XP level 3. HP: 21/21 MP: 4/4
   478 | D:1      | 478 ||| UPGRADING to +0 helmet.
   483 | D:1      | 483 ||| UPGRADING to +0 leather armour.
   493 | D:1      | 493 ||| DROPPING +0 robe.
   494 | D:1      | 494 ||| READING 2 scrolls labelled LUXZOE PAAPNULU.
   495 | D:1      | 495 ||| READING scroll labelled LOIG DEDWUO.
   496 | D:1      | 496 ||| READING scroll labelled IPLUIB DAARGH.
   497 | D:1      | 497 ||| READING scroll labelled NOHEATAFYEV.
   501 | D:1      | 501 ||| DROPPING scroll of poison.
   519 | D:2      | 519 ||| STAIRDANCE
   927 | D:2      | Reached XP level 4. HP: 17/26 MP: 5/5
  1122 | D:2      | Reached skill level 4 in Ranged Weapons
  1244 | D:2      | 1244 ||| UPGRADING to +0 cloak.
  1249 | D:2      | 1249 ||| READING scroll labelled AMAMOZ VAQ.
  1250 | D:2      | 1250 ||| READING scroll labelled MUGEXZ HUEG.
  1251 | D:2      | 1251 ||| DRINKING 2 orange potions.
  1252 | D:2      | 1252 ||| READING 4 scrolls of identify.
  1252 | D:2      | 1252 ||| IDENTIFYING puce potion
  1253 | D:2      | 1253 ||| READING 3 scrolls of identify.
  1253 | D:2      | 1253 ||| IDENTIFYING black potion
  1254 | D:2      | 1254 ||| READING 2 scrolls of identify.
  1254 | D:2      | 1254 ||| IDENTIFYING glowing dark potion
  1258 | D:3      | 1258 ||| PLANNING SEWER
  1360 | D:3      | 1360 ||| DRINKING potion of curing.
  1360 | D:3      | 1360 ||| (to cure confusion)
  1363 | D:3      | HP: 3/26 [something/magic dart (5)]
  1364 | D:3      | 1364 ||| READING scroll of teleportation.
  1365 | D:3      | 1365 ||| DRINKING potion of heal wounds.
  1464 | D:3      | Identified the +0 flail of Xiocyi {freeze, Str-2 Int+5}
  1631 | D:3      | 1631 ||| DRINKING potion of curing.
  1631 | D:3      | 1631 ||| (to cure confusion)
  1647 | D:3      | Reached skill level 5 in Ranged Weapons
  1647 | D:3      | Reached XP level 5. HP: 27/30 MP: 6/6
  1826 | D:3      | Noticed Grinder
  1832 | D:3      | 1832 ||| FLEEEEING.
  1837 | D:3      | 1837 ||| FLEEEEING.
  1838 | D:3      | 1838 ||| FLEEEEING.
  1839 | D:3      | 1839 ||| FLEEEEING.
  1840 | D:3      | 1840 ||| FLEEEEING.
  1841 | D:3      | 1841 ||| FLEEEEING.
  1845 | D:3      | Paralysed by Grinder for 4 turns
  1856 | D:3      | 1856 ||| RIP SEWER
  1857 | D:3      | 1857 ||| PLANNING D:1-11
  1861 | D:3      | HP: 7/30 [Grinder (2)]
  1863 | D:3      | Slain by Grinder

Levels and vault maps discovered:
D:1:      psy_arrival_statuary, layout_basic, ebering_ecumenical_altar_box
D:2:      minmay_chambers_of_ones, layout_rooms
D:3:      layout_basic, gup_sewer_entry_spiral, dreamdust_princess_bridge,
          uniq_grinder

Skill      XL: |  1  2  3  4 |
---------------+-------------+-----
Ranged Weapons | 3 5 |  5.0
Fighting       | 2 |  2.3
Dodging        | |  1.5
Spellcasting   | |  1.0
Hexes          | |  2.6

Action                     |  1- 3 |  4- 6 || total
---------------------------+-------+-------++-------
   Fire: Sling             |   135 |   131 ||   266
    Use: Scroll            |     4 |     6 ||    10
         Potion            |       |     4 ||     4
 Armour: Robe              |     6 |       ||     6
         Leather armour    |    14 |    47 ||    61
  Dodge: Dodged            |    28 |    57 ||    85

Table legend:
 A = Non-vault XP
 B = Vault XP
 C = Vault XP percentage of total XP
 D = Non-vault monster count
 E = Vault monster count
 F = Vault count percentage of total count
                 A         B        C        D         E       F
            +---------+---------+-------+---------+---------+-------
      Total |     153 |      65 |  29.8 |      51 |       7 |  12.1
            +---------+---------+-------+---------+---------+-------
        D:1 |      41 |       0 |   0.0 |      23 |       0 |   0.0
        D:2 |      44 |      38 |  46.3 |      16 |       5 |  23.8
        D:3 |      68 |      27 |  28.4 |      12 |       2 |  14.3
            +---------+---------+-------+---------+---------+-------
